 Dungeon Crawl Stone Soup version 0.21.0-3-g78d12a8 (webtiles) character file.

60 sagitran the Chiller (level 3, -1/27 HPs)
             Began as a Draconian Ice Elementalist on Jan 8, 2018.
             Slain by an ice beast (9 damage)
             ... on level 2 of the Dungeon.
             The game lasted 00:06:20 (1965 turns).

sagitran the Chiller (Draconian Ice Elementalist)   Turns: 1965, Time: 00:06:21

Health: -1/27      AC:  5    Str: 10    XL:     3   Next: 82%
Magic:  1/6        EV: 11    Int: 16    God:
Gold:   82         SH:  3    Dex: 11    Spells: 0/6 levels left

rFire    . . .     SeeInvis .   f - +0 club
rCold    . . .     Gourm    .   d - +0 buckler
rNeg     . . .     Faith    .   (armour unavailable)
rPois    .         Spirit   .   (helmet restricted)
rElec    .         Reflect  .   (no cloak)
rCorr    .         Harm     .   (no gloves)
MR       .....                  (no boots)
Stlth    ++........             (no amulet)
HPRegen  0.09/turn              (no ring)
MPRegen  0.10/turn              (no ring)

@: very slightly contaminated, slowed, very slow
A: unfitting armour, cold-blooded, AC +5
a: no special abilities


You were on level 2 of the Dungeon.
You were not hungry.

You visited 1 branch of the dungeon, and saw 2 of its levels.

You collected 82 gold pieces.

Inventory:

Hand Weapons
 f - a +0 club (weapon)
 j - a +0 hunting sling
Missiles
 k - 72 stones (quivered)
Armour
 d - a +0 buckler (worn)
Scrolls
 g - a scroll of amnesia {unknown}
 h - a scroll of magic mapping {unknown}
 i - 2 scrolls of enchant armour {unknown}
 l - a scroll of identify {unknown}
Potions
 c - a potion of flight {unknown}
 e - a potion of heal wounds {unknown}
 m - a potion of brilliance {unknown}
Books
 a - a book of Frost

   Spells                             Type                      Level
   a - Freeze                         Ice                          1
   b - Throw Frost                    Conjuration/Ice              2
   c - Ozocubu's Armour               Charms/Ice                   3
   d - Throw Icicle                   Conjuration/Ice              4
   e - Summon Ice Beast               Ice/Summoning                4
Comestibles
 b - 3 rations


   Skills:
 + Level 0.6 Fighting
 + Level 1.6 Maces & Flails
 + Level 2.0 Dodging
 + Level 2.3 Stealth
 + Level 2.4 Spellcasting
 + Level 1.0 Conjurations
 + Level 3.4 Ice Magic


You couldn't memorise any spells.
You knew the following spells:

 Your Spells              Type           Power        Failure   Level  Hunger
a - Freeze                Ice            ##..         9%          1    #......
b - Throw Frost           Conj/Ice       #.....       21%         2    ###....
c - Ozocubu's Armour      Chrm/Ice       #.......     43%         3    ###....


Dungeon Overview and Level Annotations

Branches:
Dungeon (2/15)

Altars:
Trog


Innate Abilities, Weirdness & Mutations

Your plain brown scales are hard. (AC +5)
You cannot fit into any form of body armour.
You are cold-blooded and may be slowed by cold attacks.


Message History

Aiming: Freeze
Press: ? - help, Shift-Dir - straight line, f - jackal
Aim: a jackal (severely wounded)
You freeze the jackal.
You kill the jackal!
Press: ? - help, v - describe, . - travel A rock wall.
You block the ice beast's attack. The ice beast hits you.
The ice beast freezes you!
You feel yourself slow down.
Ouch! That really hurt!
There is a stone staircase leading up here.
Okay, then.
Press: ? - help, v - describe, . - travel
Here: an ice beast The floor.
You feel yourself speed up. The ice beast hits you.
* * * LOW HITPOINT WARNING * * *
The ice beast freezes you!
You feel yourself slow down.
You die...

#.## ##.######........
##.###.......#...####.
##.#.#.####.#.#.# #.
##.##.####.#...# #.
#.##.##.......# ###
#.##.##.#.#...# #..
#.#.......#...###.#
#.####...............#.#
.......@Y..#...###......
#.####...#.#...###.#.#.#
##..#.........#.#..
####........##.##.###
#.......###.##.##.#
#.##.##.# #.......#
#.##.#.#.#####†####
#.##..###[# #># #.##...
.## ...


You could see an ice beast.

Vanquished Creatures
  3 adders (D:2)
  2 worms (D:2)
  A dart slug (D:1)
  3 giant cockroaches
  4 goblins
  A hobgoblin (D:1)
  3 jackals (D:2)
  2 bats (D:1)
  2 frilled lizards (D:1)
  2 kobolds (D:1)
  5 rats
28 creatures vanquished.

Notes
Turn   | Place    | Note
-------+----------+-------------------------------------------
     0 | D:1      | sagitran the Draconian Ice Elementalist began the quest for the Orb.
     0 | D:1      | Reached XP level 1. HP: 14/14 MP: 3/3
   470 | D:1      | Reached XP level 2. HP: 20/20 MP: 5/5
   474 | D:1      | Learned a level 2 spell: Throw Frost
  1386 | D:2      | Noticed an ice beast
  1417 | D:2      | Reached skill level 1 in Maces & Flails
  1417 | D:2      | Reached XP level 3. HP: 20/26 MP: 0/6
  1422 | D:2      | Learned a level 3 spell: Ozocubu's Armour
  1788 | D:2      | Found a bloodstained altar of Trog.
  1965 | D:2      | Slain by an ice beast

Skill      XL: |  1  2  3 |
---------------+----------+-----
Maces & Flails | 1 |  1.6
Stealth        | 2 |  2.3
Dodging        | 2 |  2.0
Fighting       | |  0.6
Spellcasting   | |  2.4
Conjurations   | |  1.0
Ice Magic      | |  3.4

Action                   || total
-------------------------++-------
Melee: Club              ||    73
       Unarmed           ||     7
       Tailslap          ||     7
 Cast: Freeze            ||    24
       Throw Frost       ||     4
 Stab: Sleeping          ||     4
  Eat: Chunk             ||     3
       Ration            ||     1
Armor: Skin              ||    27
Dodge: Dodged            ||    67
Block: Buckler           ||     9
